 Dungeon Crawl Stone Soup version 0.16-a0-4123-g49b462e (webtiles) character file.

1586 Chiseanne the Shield-Bearer (level 9, -1/73 HPs)
             Began as a Formicid Wanderer on Mar 2, 2015.
             Succumbed to a killer bee's poison
             ... on level 9 of the Dungeon.
             The game lasted 00:26:39 (7508 turns).

Chiseanne the Shield-Bearer (Formicid Wanderer)     Turns: 7508, Time: 00:26:39

Health: -1/73      AC:  9    Str: 20    XL:     9   Next: 14%
Magic:  12/12      EV:  9    Int: 13    God:
Gold:   267        SH: 11    Dex: 14    Spells: 0 memorised, 8 levels left

rFire  . . .     SeeInvis +     a - +0 war axe
rCold  . . .     Clarity  +     i - +0 scale mail
rNeg   + . .     SustAb   +     p - +0 shield
rPois  .         Gourm    .     (helmet unavailable)
rElec  .         Spirit   .     (no cloak)
rCorr  .         Warding  .     (no gloves)
rMut   .         Stasis   +     l - +0 pair of boots
MR     .....                    F - amulet of clarity
Stlth  ..........               m - ring of sustain abilities
                                n - ring of positive energy

@: mighty, lethally poisoned (-1 -> -23), not resistant to hostile enchantments,
extremely unstealthy
A: permanent stasis, dig shafts and tunnels, four strong arms, antennae 3
a: Dig, Shaft Self


You were on level 9 of the Dungeon.
You were hungry.

You visited 1 branch of the dungeon, and saw 8 of its levels.

You collected 267 gold pieces.

Inventory:

Hand weapons
 a - a +0 war axe (weapon)
 w - a +0 blowgun
Missiles
 b - 43 sling bullets
 g - 82 poisoned needles
 z - 15 sling bullets of frost
 A - 4 tomahawks (quivered)
 B - 21 bolts
 D - 2 throwing nets
 E - 17 poisoned bolts
Armour
 i - a +0 scale mail (worn)
 l - a +0 pair of boots (worn)
 p - a +0 shield (worn)
Jewellery
 m - a ring of sustain abilities (right hand)
 n - a ring of positive energy (left hand)
 F - an amulet of clarity (around neck)
Magical devices
 c - a wand of teleportation (9)
 t - a wand of slowing (15)
Scrolls
 f - 2 scrolls of amnesia
 s - a scroll of magic mapping
 y - 2 scrolls of recharging
Potions
 e - a potion of brilliance
 j - 3 potions of restore abilities
 k - a potion of invisibility
 v - a potion of curing {unknown}
 C - a potion of beneficial mutation {unknown}
Comestibles
 d - 4 bread rations
 r - 2 meat rations
 x - 2 fruits


   Skills:
 - Level 7.6 Fighting
   Level 1.4 Long Blades
 * Level 1.3(3.2) Axes
   Level 4.3(4.4) Maces & Flails
   Level 1.5(1.8) Polearms
 * Level 7.3 Armour
 - Level 1.2 Stealth
 * Level 7.9 Shields


You had 8 spell levels left.
You didn't know any spells.

Dungeon Overview and Level Annotations

Branches:
Dungeon (9/15)               Lair (0/8) D:9
 Temple: D:4-7          Orc: D:9-12

Altars:
Cheibriados
Trog

Annotations:
D:6 Chiseanne's ghost, experienced GrNe


Innate Abilities, Weirdness & Mutations

You are under a permanent stasis effect.
You can dig through walls and to a lower floor.
Your four strong arms can wield two-handed weapons with a shield.
You have a pair of large antennae on your head (SInv).


Message History

A shaft appears beneath you!
A ring mail falls through the shaft.
You fall through a shaft for 2 floors!
The shaft crumbles and collapses. 2 bats, 6 rats, a crocodile and an ice beast come into view.
* * * LOW HITPOINT WARNING * * *
You feel sick.
Found 15 stones.
Read which item? (? for menu, Esc to quit)
Okay, then.
Drink which item? (? for menu, Esc to quit)
It was a potion of might.
You feel very mighty all of a sudden.
* * * LOW HITPOINT WARNING * * *
You feel very sick.
The bat hits the plant but does no damage. x2
The rat bites the fungus.
Drink which item? (? for menu, Esc to quit)
It was a potion of ambrosia.
You feel momentarily confused.
You feel briefly invigorated.
You die...
P.P ...PPrP..
PPP.rPP.PPP PPbPPbPPP.P..
P..PPrPPP.PP... ..PPPPP..PPP...
PPPPP.P.PPPP...

...PP....PPP....#
(trP.PPP@PP....#
..r.PPPP.PY.P#.#
P...P.PPPP.....
#.P.r...P..##..
....P..P..P.# .
##......##.#
......## .#
#..... .##


You could see a crocodile, an ice beast, 2 river rats, 2 bats and 4 rats.

Vanquished Creatures
  A hungry ghost (D:5)
  The ghost of WhatIsLove the Conjurer, an average DgCj (D:4)
  An ice beast (D:5)
  An ogre (D:4)
  2 sky beasts (D:5)
  2 phantoms
  2 scorpions (D:5)
  2 crimson imps (D:5)
  4 hounds
  A jelly (D:6)
  4 worker ants
  An orc wizard (D:4)
  Ijyb (D:4)
  A hound skeleton (D:4)
  2 gnolls (D:4)
  9 adders
  A shadow imp (D:6)
  3 giant mites
  3 worms
  8 giant geckos
  An ooze (D:2)
  19 orcs
  5 ball pythons
  A bat skeleton (D:5)
  A bat zombie (D:5)
  23 hobgoblins
  8 jackals (D:5)
  A quokka (D:4)
  13 bats
  4 giant cockroaches
  A giant gecko skeleton (D:5)
  A giant gecko zombie (D:6)
  3 giant newts
  18 goblins
  27 kobolds
  5 rats
181 creatures vanquished.

Notes
Turn   | Place    | Note
--------------------------------------------------------------
     0 | D:1      | Chiseanne, the Formicid Wanderer, began the quest for the Orb.
     0 | D:1      | Chiseanne set off with: a +0 shield, a +0 ring mail, a +0 spear, a bread ration
     0 | D:1      | Reached XP level 1. HP: 25/25 MP: 1/1
   203 | D:1      | Reached XP level 2. HP: 20/32 MP: 3/3
   377 | D:1      | Reached skill level 1 in Polearms
   598 | D:1      | Reached XP level 3. HP: 37/37 MP: 4/4
  1319 | D:2      | Reached XP level 4. HP: 34/44 MP: 5/5
  1455 | D:2      | Found a bloodstained altar of Trog.
  1865 | D:2      | Reached XP level 5. HP: 46/49 MP: 7/7
  3295 | D:4      | Noticed an ogre
  3312 | D:4      | Killed an ogre
  3312 | D:4      | Reached skill level 1 in Long Blades
  3312 | D:4      | Reached XP level 6. HP: 22/56 MP: 8/8
  3520 | D:4      | Noticed a phantom
  3622 | D:4      | Killed a phantom
  3622 | D:4      | Reached skill level 5 in Armour
  3808 | D:4      | Reached XP level 7. HP: 59/61 MP: 9/9
  3814 | D:4      | Noticed an orc warrior
  3883 | D:3      | You fall through a shaft for 2 floors!
  3883 | D:5      | Entered Level 5 of the Dungeon
  4137 | D:4      | Noticed WhatIsLove's ghost (average DgCj)
  4459 | D:5      | Reached skill level 5 in Shields
  4870 | D:5      | Reached skill level 1 in Maces & Flails
  5062 | D:5      | Noticed a hungry ghost
  5107 | D:5      | Killed a hungry ghost
  5107 | D:5      | Reached XP level 8. HP: 63/68 MP: 11/11
  6344 | D:4      | Killed WhatIsLove's ghost
  6344 | D:4      | Reached XP level 9. HP: 27/73 MP: 12/12
  6495 | D:4      | Noticed Ijyb
  6516 | D:4      | Killed Ijyb
  6877 | D:4      | Found a snail-covered altar of Cheibriados.
  7160 | D:6      | Reached skill level 1 in Axes
  7279 | D:6      | Noticed Chiseanne's ghost (experienced GrNe)
  7506 | D:7      | You fall through a shaft for 2 floors!
  7506 | D:9      | Found a staircase to the Lair.
  7507 | D:9      | HP: 1/73 [poisoned by a killer bee]
  7508 | D:9      | Succumbed to a killer bee's poison

Action                   |  1- 3 |  4- 6 |  7- 9 || total
-------------------------+-------+-------+-------++-------
Melee: Spear             |   138 |   132 |       ||   270
       Falchion          |       |   143 |       ||   143
       Flail             |       |    17 |   455 ||   472
       War axe           |       |       |   128 ||   128
 Fire: Blowgun           |       |     3 |     6 ||     9
 Abil: Dig               |       |     2 |     4 ||     6
       Shaft Self        |       |       |     2 ||     2
Evoke: Wand              |       |       |     3 ||     3
  Use: Scroll            |     4 |     8 |     5 ||    17
       Potion            |       |       |     5 ||     5
  Eat: Chunk             |     1 |     9 |    11 ||    21
       Fruit             |       |       |     4 ||     4
       Bread ration      |       |       |     1 ||     1
